AoeStats
← scjeff42

Four Lakes

508502778Analyzed
1v1 RM · 8d ago on Sep 22, 2026· 40m 59s· 2 players
Game mode
Random Map
Map size
Tiny (2 player)
Population
200
Speed
Normal
Resources
Standard
Victory
Conquest
Starting age
Dark Age
Ending age
Imperial Age
RankedLock teamsTeams togetherTeam positionsShared explorationLock speedFull tech treeHidden civsTurbo modeCheats
Victory
Defeat
🇸🇪 Tatars · Sweden
917
+13
🇨🇦 Byzantines · Canada
853
-13
scjeff42
8:14 Loom
11:18 Feudal Age
13:56 Double-Bit Axe
20:58 Castle Age
18:52 Fletching
18:54 Horse Collar
21:57 Elite Skirmisher
22:40 Scale Mail Armor
22:37 Bodkin Arrow
24:13 Wheelbarrow
27:31 Pikeman
29:57 Forging
34:36 Imperial Age
32:28 Chain Mail Armor
32:48 Scale Barding Armor
33:25 Squires
33:52 Fervor
34:03 Sanctity
35:21 Demolition Ship
36:30 Medium Warships
38:28 Plate Mail Armor
38:34 Iron Casting
38:00 Bracer
39:01 Conscription
40:25 Chemistry
39:46 Ballistics
39:22 Light Cavalry
BadPaprika97307
12:09 Feudal Age
18:43 Castle Age
19:03 Fishing Lines
21:50 Scale Barding Armor
21:55 Forging
21:37 Fletching
21:43 Double-Bit Axe
21:52 Gillnets
22:12 Loom
28:40 Devotion
29:55 Town Watch
30:47 Wheelbarrow
29:59 Horse Collar
30:27 Gold Mining
36:16 Imperial Age
36:27 Elite Keshik
38:21 Chemistry
36:52 Heavy Scorpion
39:24 Bodkin Arrow
39:51 Chain Barding Armor
39:43 Elite Keshik
Connection lost

Rejoining the realm…

Still unreachable

The connection could not be restored.

Session expired

The server has moved on; the page needs a fresh start.